 Dungeon Crawl Stone Soup version 0.29.1-13-g9f3cf754e1 (webtiles) character file.

Game seed: 13746150245114177539

18 growler the Insei (level 2, -1/22 HPs)
             Began as a Demonspawn Wanderer on Jan 24, 2023.
             Was an Initiate of Yredelemnul.
             Frozen to death by an endoplasm (5 damage)
             ... on level 2 of the Dungeon.
             The game lasted 00:03:28 (1712 turns).

growler the Insei (Demonspawn Wanderer)             Turns: 1712, Time: 00:03:58

Health: -1/22      AC:  3    Str: 12    XL:     2   Next: 48%
Magic:  0/3        EV: 12    Int: 11    God:    Yredelemnul [......]
Gold:   49         SH:  4    Dex: 14    Spells: 2/3 levels left

rFire   . . .      SeeInvis .   a - +0 dagger
rCold   . . .      Faith    .   c - +0 buckler
rNeg    . . .      Spirit   .   e - +0 leather armour
rPois   .          Reflect  .   (no helmet)
rElec   .          Harm     .   (no cloak)
rCorr   .          Rampage  .   (no gloves)
Will    .....                   (no boots)
Stlth   +.........              (no amulet)
HPRegen 0.07/turn               (no ring)
MPRegen 0.08/turn               (no ring)

@: very slightly contaminated
A: repulsion field 1
a: Renounce Religion, Recall Undead Harvest


You were on level 2 of the Dungeon.
You worshipped Yredelemnul.
Yredelemnul was noncommittal.
You visited 1 branch of the dungeon, and saw 2 of its levels.

You collected 49 gold pieces.

Inventory:

Hand Weapons
 a - a +0 dagger (weapon)
Missiles
 m - 2 atropa-tipped darts
Armour
 c - a +0 buckler (worn)
 e - a +0 leather armour (worn)
Scrolls
 d - 2 scrolls of teleportation
 h - a scroll of immolation {unknown}
 i - a scroll of blinking {unknown}
 j - a scroll of brand weapon {unknown}
 k - a scroll of noise {unknown}
 l - a scroll of torment {unknown}
Potions
 b - a potion of haste
 f - a potion of heal wounds
 g - a potion of curing {unknown}


   Skills:
 + Level 2.2 Fighting
 - Level 1.0 Armour
 - Level 1.7 Shields
 - Level 2.6 Unarmed Combat
 - Level 1.0 Spellcasting
 - Level 2.1 Necromancy
 - Level 1.2 Invocations


You had 2 spell levels left.
You knew the following spells:

 Your Spells              Type           Power      Damage    Failure   Level
a - Necrotise             Necr           20%        1d5       22%         1

Your spell library contained the following spells:

 Spells                   Type           Power      Damage    Failure   Level
 Static Discharge         Conj/Air       0%         3-3/arc   63%         2
 Vampiric Draining        Necr           5%         2d6       56%         3
 Dispel Undead            Necr           5%         3d7       92%         4
 Sticky Flame             Conj/Fire      0%         2d3       99%         4


Dungeon Overview and Level Annotations

Branches:
Dungeon (2/15)

Altars:
Yredelemnul

Annotations:
D:2 Sigmund


Innate Abilities, Weirdness & Mutations

You are surrounded by a mild repulsion field. (EV +2)


Message History

An endoplasm comes into view.
The endoplasm quivers.
Sigmund hits you with a +0 scythe!
Aiming: Necrotise (safe; 22% risk of failure)
Press: ? - help, Q - select action, (/) - cycle Shift-Dir - straight line, f/p - Sigmund
Aim: Sigmund, wielding a +0 scythe and wearing a +0 robe (lightly wounded, chance to affect: 59%)
You miscast Necrotise.
You are very lightly contaminated with residual magic.
Nothing appears to happen.
Aiming: Necrotise (safe; 22% risk of failure)
Press: ? - help, Q - select action, (/) - cycle Shift-Dir - straight line, f/p - Sigmund
Aim: Sigmund, wielding a +0 scythe and wearing a +0 robe (lightly wounded, ally target, chance to affect: 59%) Sigmund resists with significant effort.
Sigmund hits you with a +0 scythe.
You hit Sigmund but do no damage.
Sigmund is lightly wounded.
Sigmund hits you with a +0 scythe.
* * * LOW HITPOINT WARNING * * *
Unknown command.
You hit Sigmund.
Sigmund is lightly wounded.
You barely miss Sigmund.
Sigmund is lightly wounded.
Sigmund closely misses you. The endoplasm freezes you.
You are frozen.
* * * LOW HITPOINT WARNING * * *
Your endoplasm zombie barely misses Sigmund.
You hit Sigmund.
Sigmund is lightly wounded.
The endoplasm misses you. Sigmund gestures at you while chanting.
You resist with significant effort.
You hit Sigmund.
Sigmund is moderately wounded.
Your endoplasm zombie hits Sigmund but does no damage.
The endoplasm freezes you.
You are frozen.
You die...
Your body rises from the dead as a mindless zombie.

.. ..# #.# #.# #.# #..
..#####.#### ######
...........# #.....
##...Z@##.# #.####
......J@##.# #####.####
........##.####.........
.......##....Z..###.####
...!..###..####.# #.####
#..........#....# #..Z..
#...#####.......# ######
#... #.......# #.##....#
#####


You could see Sigmund (ally target), an endoplasm and a friendly endoplasm
zombie.

Vanquished Creatures
  2 ball pythons (D:1)
  A bat (D:1)
  2 endoplasms
  2 giant cockroaches
  2 hobgoblins (D:1)
  A quokka (D:1)
  2 frilled lizards
  A kobold (D:1)
  3 rats
16 creatures vanquished.

Vanquished Creatures (others)
  A fungus (D:1)
  5 plants (D:1)
6 creatures vanquished.

Grand Total: 22 creatures vanquished

Notes
Turn   | Place    | Note
-------+----------+-------------------------------------------
     0 | D:1      | growler the Demonspawn Wanderer began the quest for the
                  | Orb.
     0 | D:1      | growler set off with the following items: a +0 dagger, a
                  | potion of haste, a +0 buckler, a scroll of teleportation, a
                  | +0 leather armour, a potion of heal wounds; and the
                  | following spell memorised: Necrotise; and the following
                  | spells available to memorise: Vampiric Draining.
     0 | D:1      | Reached XP level 1. HP: 13/13 MP: 2/2
   206 | D:1      | Reached skill level 1 in Fighting
   493 | D:1      | Gained mutation: You are surrounded by a mild repulsion
                  | field. (EV +2) [demonic ancestry]
   493 | D:1      | Reached XP level 2. HP: 18/22 MP: 3/3
  1166 | D:1      | Found a faded altar of an unknown god.
  1469 | D:1      | Prayed at the altar of an unknown god.
  1469 | D:1      | Became a worshipper of Yredelemnul the Dark
  1660 | D:2      | Noticed Sigmund
  1712 | D:2      | Frozen to death by an endoplasm

Illustrated notes

Levels and vault maps discovered:
D:1:      heliophobic_arrival_dark_side_of_the_moon, layout_loops_ring,
          serial_forest, infiniplex_forest_straight_2, infiniplex_forest_split,
          infiniplex_forest_clump_curved, infiniplex_forest_clump_tiny,
          shapermc_ecumenical_altar_hornbeckon
D:2:      layout_loops_cross, minmay_split_cup_small, uniq_sigmund, uniq_robin

Skill      XL: |  1  2 |
---------------+-------+-----
Fighting       | 1 2 |  2.2
Armour         | |  1.0
Shields        | |  1.7
Unarmed Combat | |  2.6
Spellcasting   | |  1.0
Necromancy     | |  2.1
Invocations    | |  1.2

Action                   || total
-------------------------++-------
Melee: Dagger            ||    97
 Cast: Necrotise         ||     2
 Stab: Sleeping          ||     1
Armor: Leather armour    ||    22
Dodge: Dodged            ||    50
Block: Buckler           ||     9
